 Dungeon Crawl Stone Soup version bcrawl-1.19-7-g22fd707d3b (webtiles) character file.

Game seed: 9005107415396328577

21564 Mrkan the Fighter (level 12, -5/124 HPs)
             Began as a Troll Hunter on Nov 16, 2019.
             Was a High Priest of Makhleb.
             Slain by a yak (13 damage)
             ... on level 3 of the Lair of Beasts.
             The game lasted 00:22:45 (10763 turns).

Mrkan the Fighter (Troll Hunter)                   Turns: 10763, Time: 00:22:45

Health: -5/124     AC: 11    Str: 23    XL:     12   Next: 55%
Magic:  16/16      EV:  7    Int: 12    God:    Makhleb [*****.]
Gold:   788        SH: 18    Dex: 10    Spells: 11/11 levels left

rFire    + . .     SeeInvis .     - Unarmed
rCold    . . .     Gourm    +   v - +1 large shield
rNeg     . . .     Faith    .   (armour unavailable)
rPois    +         Spirit   .   (helmet restricted)
rElec    .         Reflect  .   n - +1 cloak
rCorr    .         Harm     .   (gloves unavailable)
MR       .....                  (boots unavailable)
Stlth    +.........             (no amulet)
HPRegen  1.10/turn              q - ring of poison resistance
MPRegen  0.15/turn              y - ring of protection from fire

@: no status effects
A: large, almost no armour, unfitting armour, claws 3, fast metabolism 3,
gourmand, regeneration 2, AC +9
a: Minor Destruction, Lesser Servant of Makhleb, Major Destruction, Greater
Servant of Makhleb, Renounce Religion


You were on level 3 of the Lair of Beasts.
You worshipped Makhleb.
Makhleb was extremely pleased with you.
You were completely stuffed.

You visited 3 branches of the dungeon, and saw 14 of its levels.

You collected 788 gold pieces.

Inventory:

Hand Weapons
 G - the +8 dire flail of Success {speed, rN+ Int+4, unknown}
   (You found it on level 1 of the Lair of Beasts)

   Attacks with this weapon are significantly faster.
   It affects your intelligence (+4).
   It protects you from negative energy.
Missiles
 b - 197 large rocks (quivered)
 c - 2 throwing nets {!f}
 l - 150 javelins
Armour
 n - a +1 cloak (worn)
 v - a +1 large shield (worn)
Jewellery
 q - a ring of poison resistance (left claw)
 u - an uncursed ring of magical power {unknown}
 y - a ring of protection from fire (right claw)
 I - an uncursed ring of flight {unknown}
Wands
 s - a wand of random effects (9)
 D - a wand of paralysis (6)
 E - a wand of scattershot (6)
 F - a wand of iceblast (5)
Scrolls
 a - a scroll of vulnerability {unknown}
 e - 7 scrolls of remove curse
 f - 7 scrolls of identify
 i - 2 scrolls of blinking
 k - 3 scrolls of teleportation
 m - 3 scrolls of noise
 o - 2 scrolls of magic mapping
 t - a scroll of brand weapon {unknown}
 w - a scroll of amnesia {unknown}
 C - a scroll of summoning {unknown}
 H - a scroll of immolation
 K - a scroll of fear
Potions
 g - 2 potions of curing
 h - 3 potions of flight
 j - 2 potions of heal wounds {unknown}
 p - a potion of lignification {unknown}
 r - a potion of magic
 x - 2 potions of ambrosia {unknown}
 z - a potion of brilliance {unknown}
 A - a potion of haste {unknown}
 B - a potion of mutation {unknown}
Miscellaneous
 L - a phial of floods
Comestibles
 d - 24 rations {!d}
 J - 4 chunks of flesh


   Skills:
 + Level 9.4 Fighting
 - Level 8.1 Throwing
 - Level 1.5 Dodging
 - Level 0.4 Stealth
 * Level 8.4 Shields
 - Level 8.1 Unarmed Combat
 + Level 7.8 Invocations


You had 11 spell levels left.
You didn't know any spells.
Your spell library contained the following spells:

 Spells                   Type           Power        Failure   Level  Hunger
 Animate Skeleton         Necr           N/A          80%         1    ##.....
 Infusion                 Chrm           #.......     80%         1    ##.....
 Pain                     Necr           #.....       80%         1    ##.....
 Song of Slaying          Chrm           #.......     90%         2    ###....
 Sublimation of Blood     Necr           #.........   90%         2    ###....
 Ignite Poison            Fire/Tmut/Pois #.......     99%         3    ####...
 Ozocubu's Armour         Chrm/Ice       #.......     99%         3    ####...
 Regeneration             Chrm/Necr      #.........   99%         3    ####...
 Spectral Weapon          Hex/Chrm       #.......     99%         3    ####...
 Vampiric Draining        Necr           #.........   99%         3    ####...
 Animate Dead             Necr           N/A          100%        4    #####..
 Petrify                  Tmut/Erth      #.......     100%        4    #####..
 Sticky Flame             Conj/Fire      #.......     100%        4    #####..
 Bolt of Draining         Conj/Necr      #.........   100%        5    ######.
 Ozocubu's Refrigeration  Ice            #.........   100%        6    #######


Dungeon Overview and Level Annotations

Branches:
Dungeon (10/12)            Temple (1/1) D:4            Lair (3/6) D:7
    Orc (0/1) D:8
  Swamp: Lair:2-4    Shoals: Lair:2-4     Snake: Lair:2-4    Spider: Lair:2-4

Altars:
Ashenzari
Cheibriados
Dithmenos
Elyvilon
Fedhas
Gozag
Hepliaklqana
Kikubaaqudgha
Lugonu
Makhleb
Nemelex Xobeh
Okawaru
Qazlal
Ru
Sif Muna
Trog
Uskayaw
Vehumet
Wu Jian
Xom
Yredelemnul
Zin
The Shining One

Shops:
D:5 =   D:7 (

Portals:
Ice
Cave: Lair:3


Innate Abilities, Weirdness & Mutations

You cannot wear most types of armour.
Your thick skin is tough. (AC +9)
You are too large for most types of armour.
You have claws for hands.
Your metabolism is lightning-fast.
You like to eat raw meat.
You heal very quickly.


Message History

The white imp hits you but does no damage.
It was a potion of magic.
Magic courses through your body. The white imp gestures at you.
The puff of frost hits you!
* * * LOW HITPOINT WARNING * * *
The yak gores you.
* * * LOW HITPOINT WARNING * * *
You block the yak's attack. The white imp barely misses you.
You scratch the white imp.
The white imp is moderately wounded.
The white imp gestures at you. The puff of frost hits you!
* * * LOW HITPOINT WARNING * * *
You block the yak's attack. The yak gores you.
* * * LOW HITPOINT WARNING * * *
The white imp closely misses you.
You scratch the white imp but do no damage.
The white imp is moderately wounded.
You block the white imp's attack. The yak gores you!
You die...

.# >.# . . .>.
P..##. #.#
P.....##.# .
#.P.....### ..
##.P...#.#.# ...
..........##....
##..##5........
##....@YY.......
.......Y5........
.......Y.........
....∩............
........#........
........#........
.....#..##...#P#.
#.P#..... (.[###
....... .P..


You could see 4 yaks and 2 white imps.

Vanquished Creatures
  A hydra (Lair:1)
  2 two-headed ogres (D:8)
  A cyclops (D:9)
  3 lindwurms (Lair:2)
  3 oklob plants (Lair:2)
  Joseph (D:9)
  8 elephants (Lair:2)
  6 cane toads
  A rime drake (Lair:2)
  2 komodo dragons
  2 trolls
  A hippogriff (D:8)
  5 blink frogs (Lair:2)
  A spriggan (D:9)
  15 yaks
  A basilisk (Lair:1)
  2 hungry ghosts
  A warg (D:8)
  7 water moccasins
  10 porcupines
  An ice beast (D:7)
  5 sky beasts
  7 orc warriors
  6 ogres
  4 wolves (Lair:1)
  3 centaurs
  A big kobold (D:9)
  9 bullfrogs
  3 crocodiles (Lair:2)
  A wyvern zombie (D:8)
  A gnoll sergeant (D:7)
  2 water moccasin zombies
  2 scorpions
  5 wights (D:4)
  A howler monkey (D:5)
  2 crimson imps (D:4)
  2 centaur zombies
  5 hounds
  2 centaur skeletons
  2 bullfrog zombies
  6 orc priests
  A quasit (D:4)
  2 bullfrog skeletons
  An iguana (D:9)
  9 orc wizards
  6 worker ants
  A worker ant zombie (D:9)
  9 adders
  5 gnolls (D:7)
  A shadow imp (D:7)
  7 white imps
  3 adder skeletons
  6 worms
  A dart slug (D:2)
  5 leopard geckos
  30 orcs
  7 bats
  6 giant cockroaches
  5 hobgoblins
  13 jackals
  2 quokkas
  2 frilled lizards
  7 goblins
  13 kobolds
  A quokka zombie (D:5)
  8 rats
294 creatures vanquished.

Vanquished Creatures (collateral kills)
  A black bear (Lair:3)
  3 white imps (Lair:3)
4 creatures vanquished.

Vanquished Creatures (others)
  3 plants
  5 toadstools (Lair:2)
8 creatures vanquished.

Grand Total: 306 creatures vanquished

Notes
Turn   | Place    | Note
-------+----------+-------------------------------------------
     0 | D:1      | Mrkan the Troll Hunter began the quest for the Orb.
     0 | D:1      | Reached XP level 1. HP: 19/19 MP: 0/0
   176 | D:1      | Reached skill level 1 in Unarmed Combat
   211 | D:1      | Reached XP level 2. HP: 23/28 MP: 1/1
   537 | D:1      | Reached skill level 2 in Fighting
   941 | D:2      | Reached XP level 3. HP: 34/35 MP: 2/2
  1484 | D:2      | Gained mutation: Your natural rate of healing is unusually
                  | fast. [Troll growth]
  1484 | D:2      | Reached XP level 4. HP: 44/44 MP: 3/3
  1937 | D:3      | Reached XP level 5. HP: 25/52 MP: 4/4
  2053 | D:3      | Reached skill level 3 in Fighting
  2066 | D:3      | Reached XP level 6. HP: 49/61 MP: 5/5
  2074 | D:3      | Reached skill level 5 in Unarmed Combat
  2425 | D:4      | Reached XP level 7. HP: 60/68 MP: 6/6
  2642 | D:4      | Found a staircase to the Ecumenical Temple.
  2720 | D:4      | Reached skill level 4 in Fighting
  2849 | Temple   | Entered the Ecumenical Temple
  2965 | Temple   | Became a worshipper of Makhleb the Destroyer
  3188 | D:4      | Reached XP level 8. HP: 79/79 MP: 7/7
  3340 | D:5      | Entered Level 5 of the Dungeon
  3560 | D:5      | Reached skill level 5 in Fighting
  3604 | D:5      | Found a basalt altar of Yredelemnul.
  3612 | D:5      | Found a sacrificial altar of Ru.
  3788 | D:5      | Found Jiuc's Jewellery Shop.
  3882 | D:5      | Reached * piety under Makhleb
  3960 | D:6      | Reached skill level 5 in Throwing
  4821 | D:7      | Reached XP level 9. HP: 85/88 MP: 8/8
  5094 | D:7      | Found Bobitzi's Antique Weapon Shoppe.
  5113 | D:7      | Reached skill level 1 in Shields
  5196 | D:7      | Reached skill level 6 in Fighting
  5452 | D:7      | Noticed a komodo dragon
  5453 | D:7      | Found a staircase to the Lair.
  5537 | D:7      | Killed a komodo dragon
  5668 | D:8      | Noticed a troll
  5702 | D:7      | Killed a troll
  5878 | D:8      | Reached ** piety under Makhleb
  6021 | D:8      | Reached XP level 10. HP: 97/100 MP: 9/9
  6181 | D:8      | Reached skill level 1 in Invocations
  6236 | D:8      | Found a staircase to the Orcish Mines.
  6427 | D:8      | Reached skill level 7 in Fighting
  6656 | D:8      | Noticed a two-headed ogre
  6666 | D:8      | Killed a two-headed ogre
  6812 | D:8      | Noticed a two-headed ogre
  6840 | D:8      | Killed a two-headed ogre
  6840 | D:8      | Reached skill level 5 in Shields
  7045 | D:9      | Reached *** piety under Makhleb
  7045 | D:9      | Reached XP level 11. HP: 110/110 MP: 13/13
  7060 | D:9      | Noticed Joseph
  7079 | D:9      | Killed Joseph
  7369 | D:9      | Noticed a cyclops
  7373 | D:9      | Killed a cyclops
  7588 | D:9      | Reached skill level 8 in Fighting
  7939 | D:10     | Entered Level 10 of the Dungeon
  7981 | D:9      | Reached skill level 5 in Invocations
  8082 | Lair:1   | Entered Level 1 of the Lair of Beasts
  8254 | Lair:1   | Got a bloodstained dire flail
  8410 | Lair:1   | Reached **** piety under Makhleb
  8453 | Lair:1   | Noticed a four-headed hydra
  8464 | Lair:1   | Killed a four-headed hydra
  9512 | Lair:2   | Noticed a lindwurm
  9523 | Lair:2   | Killed a lindwurm
  9617 | Lair:2   | Found a runed door.
  9786 | Lair:2   | Gained mutation: You heal very quickly. [Troll growth]
  9786 | Lair:2   | Reached XP level 12. HP: 121/122 MP: 14/16
 10007 | Lair:2   | Reached skill level 9 in Fighting
 10684 | Lair:3   | Found a frozen archway.
 10696 | Lair:2   | Reached ***** piety under Makhleb
 10763 | Lair:3   | Slain by a yak

Skill      XL: |  1  2  3  4  5  6  7  8  9 10 11 12 |
---------------+-------------------------------------+-----
Unarmed Combat | 1 2 3 4 5 7 8 |  8.1
Fighting       | 2 3 4 5 6 7 8 9 |  9.4
Throwing       | 4 6 8 |  8.1
Shields        | 2 5 7 8 |  8.4
Invocations    | 4 6 7 |  7.8
Dodging        | |  1.5
Stealth        | |  0.4

Action                   |  1- 3 |  4- 6 |  7- 9 | 10-12 || total
-------------------------+-------+-------+-------+-------++-------
Melee: Unarmed           |   100 |   112 |   370 |   672 ||  1254
       Punch             |       |     2 |     2 |       ||     4
Throw: Large rock        |       |       |       |    28 ||    28
Invok: Lesser Servant of |       |       |       |     2 ||     2
  Use: Scroll            |       |       |    10 |       ||    10
       Potion            |       |       |     2 |     1 ||     3
 Stab: Sleeping          |     3 |       |     1 |     1 ||     5
  Eat: Chunk             |    14 |     7 |    22 |    46 ||    89
Armor: Skin              |    41 |    44 |   157 |   213 ||   455
Dodge: Dodged            |    61 |    42 |   118 |   132 ||   353
Block: Large shield      |       |       |   204 |   562 ||   766
